 Dungeon Crawl Stone Soup version 0.31-a0-339-gda1cbd555d (webtiles) character file.

Game seed: 15752348742432724199

312 porpoise the Skirmisher (level 6, -9/39 HPs)
             Began as a Kobold Hunter on July 21, 2023.
             Was an Initiate of Hepliaklqana.
             Killed from afar by Dowan (30 damage)
             ... with a shard of ice
             ... on level 4 of the Dungeon.
             The game lasted 00:04:22 (2732 turns).

porpoise the Skirmisher (Kobold Hunter)             Turns: 2732, Time: 00:04:23

Health: -9/39      AC:  3    Str:  8    XL:     6   Next: 71%
Magic:  6/6        EV: 14    Int: 11    God:    Hepliaklqana [......]
Gold:   122        SH:  0    Dex: 20    Spells: 5/5 levels left

rFire   . . .        a - +0 shortbow (drain)
rCold   . . .        (shield currently unavailable)
rNeg    . . .        c - +0 leather armour
rPois   .            (no helmet)
rElec   .            (no cloak)
rCorr   .            (no gloves)
SInv    .            (no boots)
Will    .....        (no amulet)
Stlth   +++          (no ring)
HPRegen 0.26/turn    (no ring)
MPRegen 0.10/turn

%: no passive effects
@: weak-willed
A: small, no large weapons, nightstalker 3
a: Renounce Religion


You were on level 4 of the Dungeon.
You worshipped Hepliaklqana.
Hepliaklqana was noncommittal.
You visited 1 branch of the dungeon, and saw 4 of its levels.

You collected 122 gold pieces.

Inventory:

Hand Weapons
 a - a +0 shortbow of draining (weapon)
 b - a +1 dagger of venom
Missiles
 d - 3 poisoned darts
Armour
 c - a +0 leather armour (worn)
Talismans
 f - a storm talisman
Scrolls
 l - a scroll of vulnerability
 m - a scroll of butterflies
Potions
 e - a potion of magic
 g - a potion of lignification {unknown}


   Skills:
 + Level 4.4 Fighting
 * Level 8.6 Ranged Weapons
 - Level 2.4 Dodging
 - Level 1.3 Stealth


You had 5 spell levels left.
You didn't know any spells.
Your spell library contained the following spells:

 Spells                   Type           Power      Damage    Failure   Level
 Wereblood                Tmut           0%         N/A       61%         2
 Irradiate                Conj/Tmut      0%         3d11      100%        5


Dungeon Overview and Level Annotations

Branches:
Dungeon (4/15)
 Temple: D:4-7

Altars:
Gozag
Hepliaklqana

Annotations:
D:4 Dowan


Innate Abilities, Weirdness & Mutations

You are small and have problems with some larger weapons.
You are completely attuned to the shadows.


Message History

Duvessa is severely wounded.
Duvessa hits you but does no damage. Dowan misses you.
You shoot an arrow. The arrow barely misses Duvessa.
Duvessa closely misses you. Dowan closely misses you.
You shoot an arrow.
The arrow hits Duvessa but does no damage.
Duvessa is severely wounded.
Duvessa hits you with a +0 short sword. Dowan barely misses you.
You shoot an arrow.
The arrow hits Duvessa but does no damage.
Duvessa is severely wounded.
Duvessa barely misses you. Dowan closely misses you.
You shoot an arrow.
The arrow hits Duvessa but does no damage.
You drain Duvessa.
Duvessa is severely wounded.
Duvessa hits you with a +0 short sword.
Dowan mumbles some strange words.
Dowan blinks!
You shoot an arrow. The arrow hits Duvessa.
You drain Duvessa.
Duvessa is almost dead.
Duvessa barely misses you. Dowan casts a spell at you.
The puff of frost misses you. Dowan hits you with a +0 dagger.
Duvessa barely misses you.
You shoot an arrow. The arrow hits Duvessa.
You drain Duvessa.
You kill Duvessa!
Dowan's eyes darken. "You have made a grave mistake."
Dowan seems to find hidden reserves of power!
Dowan hits you with a +0 dagger.
You shoot an arrow. The arrow hits Dowan!
Dowan is moderately wounded.
Dowan says, "Magic will overcome all!"
Dowan barely misses you. Dowan hits you with a +0 dagger.
You shoot an arrow. The arrow hits Dowan.
You drain Dowan.
Dowan is severely wounded.
Dowan points at you and mumbles some strange words.
The shard of ice hits you!!
Ouch! That really hurt!
You die...

########
....e..##
....)@..#
.......##
......##
.....##
######


You could see Dowan (fast, very drained).

Vanquished Creatures
  Duvessa (D:4)
  An orc priest (D:3)
  Jessica (D:2)
  Natasha (thrice) (D:2)
  2 adders
  A worm (D:2)
  A dart slug (D:1)
  2 orcs (D:3)
  6 ball pythons
  5 endoplasms
  3 giant cockroaches
  6 goblins
  2 hobgoblins
  4 jackals
  3 quokkas
  9 bats
  A frilled lizard (D:1)
  4 kobolds
  4 rats
59 creatures vanquished.

Notes
Turn   | Place    | Note
-------+----------+-------------------------------------------
     0 | D:1      | porpoise the Kobold Hunter began the quest for the Orb.
     0 | D:1      | Reached XP level 1. HP: 12/12 MP: 1/1
    64 | D:1      | Reached XP level 2. HP: 18/18 MP: 2/2
   460 | D:1      | Reached skill level 6 in Ranged Weapons
   547 | D:1      | Reached XP level 3. HP: 22/22 MP: 3/3
   550 | D:1      | Found a faded altar of an unknown god.
  1074 | D:2      | Reached XP level 4. HP: 25/28 MP: 4/4
  1101 | D:2      | Noticed Jessica
  1103 | D:2      | Killed Jessica
  1463 | D:2      | Noticed Natasha
  1474 | D:2      | Killed Natasha
  1475 | D:2      | Reached skill level 7 in Ranged Weapons
  1475 | D:2      | Reached XP level 5. HP: 16/32 MP: 5/5
  1544 | D:2      | Noticed Natasha
  1553 | D:2      | Killed Natasha
  1739 | D:2      | Noticed Natasha
  1748 | D:2      | Killed Natasha
  1898 | D:3      | Found a hazy altar of Hepliaklqana.
  1955 | D:3      | Became a worshipper of Hepliaklqana the Forgotten
  2321 | D:3      | Found an opulent altar of Gozag.
  2650 | D:3      | Reached skill level 8 in Ranged Weapons
  2650 | D:3      | Reached XP level 6. HP: 36/38 MP: 6/6
  2719 | D:4      | Noticed Duvessa
  2719 | D:4      | Noticed Dowan
  2730 | D:4      | Killed Duvessa
  2732 | D:4      | Killed from afar by Dowan

Illustrated notes

Levels and vault maps discovered:
D:1:      minmay_arrival_arboretum_small, layout_basic,
          nicolae_ecumenical_snake_handling, minmay_distorted
D:2:      layout_loops_ring, minmay_fountain_box, uniq_jessica, uniq_natasha
D:3:      layout_loops_ring, old_standard_altar, mainiacjoe_overflow_24_doors
D:4:      layout_cave_pods, mainiacjoe_overflow_alcove_1, portal_sewer_entry_f,
          nicolae_concentric_dashed_squares_mild, uniq_duvessa, uniq_eustachio

Skill      XL: |  1  2  3  4  5 |
---------------+----------------+-----
Ranged Weapons | 6 7 8 |  8.6
Fighting       | 3 4 |  4.4
Dodging        | |  2.4
Stealth        | |  1.3

Action                     |  1- 3 |  4- 6 || total
---------------------------+-------+-------++-------
  Melee: Dagger            |       |    13 ||    13
         Punch             |       |     1 ||     1
   Fire: Shortbow          |    87 |    79 ||   166
    Use: Scroll            |       |     6 ||     6
 Armour: Leather armour    |    15 |     4 ||    19
  Dodge: Dodged            |    35 |    41 ||    76

Table legend: (Time is in decaauts)
 A = Elapsed time spent in this place.
 B = Non-inter-level travel time spent in this place.
 C = Inter-level travel time spent in this place.
 D = Time resting spent in this place.
 E = Time spent auto-exploring this place.
 F = Levels seen in this place.
 G = Mean time per level.
                   A        B        C        D        E       F      G
               +--------+--------+--------+--------+--------+-----+--------+
         Total |   2748 |   2603 |    145 |    366 |   1915 |   4 |  687.0 |
       Dungeon |   2748 |   2603 |    145 |    366 |   1915 |   4 |  687.0 |
               +--------+--------+--------+--------+--------+-----+--------+

Top non-repeatable levels by time:
     D:2: 1038 daAuts
     D:3: 892 daAuts
     D:1: 792 daAuts
     D:4: 24 daAuts
